 Dungeon Crawl Stone Soup version 0.22-a0-467-g5c5de1c (webtiles) character file.

93 grizmgrazm2 the Sneak (level 4, 0/30 HPs)
             Began as a Vampire Enchanter on June 10, 2018.
             Killed from afar by Natasha (10 damage)
             ... with a magic dart
             ... on level 2 of the Dungeon.
             The game lasted 00:08:08 (2071 turns).

grizmgrazm2 the Sneak (Vampire Enchanter)           Turns: 2071, Time: 00:08:09

Health: 0/30       AC:  5    Str:  7    XL:     4   Next: 36%
Magic:  7/8        EV: 13    Int: 17    God:
Gold:   173        SH:  0    Dex: 15    Spells: 0/8 levels left

rFire    . . .     SeeInvis +   a - +1 dagger
rCold    + + .     Gourm    .   (no shield)
rNeg     + + +     Faith    .   b - +0 robe
rPois    ∞         Spirit   .   s - +2 helmet
rElec    .         Reflect  .   (no cloak)
rCorr    .         Harm     .   (no gloves)
MR       .....                  (no boots)
Stlth    +++++.....             (no amulet)
HPRegen  0.00/turn              g - ring of wizardry
MPRegen  0.11/turn              o - ring of wizardry

@: very slightly contaminated, bloodless, non-regenerating
A: fangs 3, see invisible, unbreathing
a: Bat Form


You were on level 2 of the Dungeon.
You were bloodless.

You visited 1 branch of the dungeon, and saw 3 of its levels.

You collected 173 gold pieces.

Inventory:

Hand Weapons
 a - a +1 dagger (weapon)
Missiles
 j - 41 arrows
Armour
 b - a +0 robe (worn)
 s - a +2 helmet (worn)
Jewellery
 g - a ring of wizardry (left hand)
 l - a cursed ring of teleportation {unknown}
 o - a ring of wizardry (right hand)
Wands
 m - a wand of clouds (4)
Scrolls
 e - 3 scrolls of identify
 i - a scroll of noise {unknown}
 k - 3 scrolls of enchant armour {unknown}
 p - a scroll of magic mapping {unknown}
Potions
 c - a potion of invisibility {unknown}
 d - 12 potions of blood
 h - a potion of berserk rage {unknown}
 n - a potion of lignification {unknown}
 r - a potion of flight {unknown}


   Skills:
 - Level 0.2 Fighting
 - Level 1.4 Short Blades
 - Level 2.3 Dodging
 + Level 5.5 Stealth
 + Level 2.8 Spellcasting
 + Level 5.3 Hexes
 + Level 0.2 Transmutations
 + Level 0.9 Ice Magic


You couldn't memorise any spells.
You knew the following spells:

 Your Spells              Type           Power        Failure   Level  Hunger
a - Ensorcelled Hibernat  Hex/Ice        ##....       2%          2    ##.....
b - Corona                Hex            ###....      1%          1    #......
c - Confuse               Hex            ###.....     1%          3    ###....
d - Sticks to Snakes      Tmut           #.......     7%          2    ##.....

Your spell library contained the following spells:

 Spells                   Type           Power        Failure   Level  Hunger
 Tukima's Dance           Hex            ###.....     1%          3    ###....
 Spider Form              Tmut/Pois      #.........   13%         3    ###....
 Blade Hands              Tmut           #.........   71%         5    ######.
 Ice Form                 Ice/Tmut       #.......     32%         4    #####..
 Beastly Appendage        Tmut           #.....       4%          1    #......
 Dazzling Spray           Conj/Hex       ##....       5%          3    ###....


Dungeon Overview and Level Annotations

Branches:
Dungeon (3/15)

Altars:
Cheibriados

Annotations:
D:2 Natasha


Innate Abilities, Weirdness & Mutations

You do not heal naturally.
You are immune to poison.
You have razor-sharp teeth.
You have supernaturally acute eyesight. (SInv)
You can survive without breathing.


Message History

You hit Natasha.
Natasha is severely wounded.
Natasha claws you!
Casting: Sticks to Snakes (safe; 7% risk of failure)
Confirm with . or Enter, or press ? or * to list all spells.
Aiming: Corona (safe; 1% risk of failure)
Press: ? - help, Shift-Dir - straight line, f/p - Natasha
Aim: Natasha (severely wounded, chance to defeat MR: 59%) Natasha is outlined in light.
Natasha closely misses you.
You barely miss Natasha.
Natasha is severely wounded.
Natasha barely misses you.
You hit Natasha.
Natasha is severely wounded.
Natasha claws you but does no damage.
You closely miss Natasha.
Natasha is severely wounded.
Natasha stares at you and mumbles some strange words.
The magic dart hits you!
You die...

#. #.# #. #.# #.
#.# ##. #######
#.# .. #.....#
#.#
#.####.###.###.#
#.#
.........#.#.#.#
#.#
#.†##...#.###.#
#..h@...#.....#
#†#############
... #..#. ......
#### .. #.. ..>


You could see Natasha.

Vanquished Creatures
  An adder (D:3)
  2 oozes
  A worm (D:3)
  2 dart slugs
  A leopard gecko (D:1)
  2 orcs (D:3)
  4 ball pythons (D:1)
  3 giant cockroaches
  5 goblins
  5 hobgoblins
  A quokka (D:3)
  7 bats
  A frilled lizard (D:3)
  8 kobolds
  9 rats
52 creatures vanquished.

Vanquished Creatures (collateral kills)
  Natasha (D:2)
1 creature vanquished.

Grand Total: 53 creatures vanquished

Notes
Turn   | Place    | Note
-------+----------+-------------------------------------------
     0 | D:1      | grizmgrazm2 the Vampire Enchanter began the quest for the Orb.
     0 | D:1      | Reached XP level 1. HP: 13/13 MP: 3/3
   162 | D:1      | Reached XP level 2. HP: 18/19 MP: 5/5
   171 | D:1      | Learned a level 2 spell: Ensorcelled Hibernation
   409 | D:1      | Reached skill level 5 in Stealth
   581 | D:1      | Reached skill level 5 in Hexes
   763 | D:1      | Reached XP level 3. HP: 22/24 MP: 1/6
  1274 | D:3      | Found a snail-covered altar of Cheibriados.
  1502 | D:3      | Reached XP level 4. HP: 30/30 MP: 8/8
  1700 | D:3      | Learned a level 3 spell: Confuse
  1703 | D:3      | Learned a level 2 spell: Sticks to Snakes
  2019 | D:2      | Noticed Natasha
  2028 | D:2      | Killed Natasha
  2039 | D:2      | Noticed Natasha
  2071 | D:2      | Killed from afar by Natasha

Vault maps used:
D:1:      lemuel_arrival_cross
D:2:      serial_glass, glass_columns_a, glass_columns_b, uniq_terence,
          uniq_natasha
D:3:      cheibriados_altar_1

Skill      XL: |  1  2 |
---------------+-------+-----
Stealth        | 5 |  5.5
Hexes          | 5 |  5.3
Fighting       | |  0.2
Short Blades   | |  1.4
Dodging        | |  2.3
Spellcasting   | |  2.8
Transmutations | |  0.2
Ice Magic      | |  0.9

Action                   |  1- 3 |  4- 6 || total
-------------------------+-------+-------++-------
Melee: Dagger            |   102 |    35 ||   137
       Bite              |     7 |     3 ||    10
 Cast: Corona            |     8 |     3 ||    11
       Ensorcelled Hiber |    24 |     7 ||    31
       Sticks to Snakes  |       |     2 ||     2
  Use: Scroll            |     4 |       ||     4
       Potion            |       |     2 ||     2
 Stab: Sleeping          |    28 |     4 ||    32
Armor: Robe              |    19 |    21 ||    40
Dodge: Dodged            |    86 |    31 ||   117

Table legend:
 A = Spawn XP
 B = Non-spawn XP
 C = Spawn XP percentage of total XP
 D = Spawn monster count
 E = Non-spawn monster count
 F = Spawn count percentage of total count
 G = Total turns spent on level
                    A         B        C        D         E        F      G
               +---------+---------+-------+---------+---------+-------+---------
         Total |       0 |     133 |   0.0 |       0 |      53 |   0.0 |  2071
               +---------+---------+-------+---------+---------+-------+---------
           D:1 |       0 |      43 |   0.0 |       0 |      23 |   0.0 |   964
           D:2 |       0 |      26 |   0.0 |       0 |       4 |   0.0 |   111
           D:3 |       0 |      64 |   0.0 |       0 |      26 |   0.0 |   996
               +---------+---------+-------+---------+---------+-------+---------
